 Dungeon Crawl Stone Soup version 0.18.1-5-g4a78601 (webtiles) character file.

4662 deawunn the Grappler (level 10, -6/100 HPs)
             Began as a Troll Monk on May 14, 2016.
             Mangled by an orc warlord
             ... wielding a +0 war axe
              (25 damage)
             ... in a bailey.
             The game lasted 00:22:11 (9090 turns).

deawunn the Grappler (Troll Monk)                   Turns: 9090, Time: 00:22:12

Health: -6/100     AC:  6    Str: 24    XL:     10   Next: 20%
Magic:  9/9        EV: 12    Int:  6    God:
Gold:   503        SH:  0    Dex: 12    Spells: 0 memorised, 9 levels left

rFire  . . .     SeeInvis .       - Unarmed
rCold  . . .     Gourm    +     a - +0 robe
rNeg   . . .     Faith    .     (no shield)
rPois  .         Spirit   .     (helmet restricted)
rElec  .         Dismiss  .     h - +0 cloak
rCorr  .         Reflect  .     (gloves unavailable)
SustAt .         Harm     .     (boots unavailable)
MR     .....                    (no amulet)
Stlth  ++........               (no ring)
                                (no ring)

@: not resistant to hostile enchantments, unstealthy
A: unfitting armour, claws 3, fast metabolism 3, gourmand, regeneration 2,
shaggy fur 1, tough skin 2
a: no special abilities


You were in a bailey.
You were very full.

You visited 2 branches of the dungeon, and saw 10 of its levels.
You also visited: Sewer and Bailey.

You collected 665 gold pieces.
You spent 162 gold pieces at shops.

Inventory:

Missiles
 w - 4 javelins (quivered)
 J - 5 tomahawks
 O - 8 poisoned tomahawks
 R - 46 tomahawks of returning
Armour
 a - a +0 robe (worn)
 h - a +0 cloak (worn)
 M - a +1 cloak
Magical Staves
 D - an uncursed staff of summoning {unknown}
Jewellery
 P - a +2 amulet of reflection {unknown}
 Q - an uncursed ring of protection from cold {unknown}
Wands
 y - a wand of random effects (32/48)
 K - a wand of iceblast (7/15)
Scrolls
 e - 10 scrolls of identify {unknown}
 f - 4 scrolls of random uselessness {unknown}
 g - a scroll of noise {unknown}
 j - 2 scrolls of recharging {unknown}
 k - 4 scrolls of enchant armour {unknown}
 m - 2 scrolls of immolation {unknown}
 p - 9 scrolls of remove curse {unknown}
 r - 2 scrolls of fog {unknown}
 u - a scroll of enchant weapon {unknown}
 E - 8 scrolls of teleportation {unknown}
 G - a scroll of fear {unknown}
 H - a scroll of magic mapping {unknown}
 L - 2 scrolls of vulnerability {unknown}
 T - a scroll of blinking {unknown}
Potions
 i - 2 potions of mutation {unknown}
 l - a potion of flight {unknown}
 n - 3 potions of curing {unknown}
 o - 2 potions of degeneration {unknown}
 s - a potion of brilliance {unknown}
 t - 2 potions of lignification {unknown}
 v - 4 potions of heal wounds {unknown}
 x - a potion of cure mutation {unknown}
 A - 2 potions of cancellation {unknown}
 C - a potion of agility
 F - 3 potions of magic {unknown}
 N - a potion of haste {unknown}
 S - a potion of might {unknown}
 V - a potion of beneficial mutation {unknown}
Books
 B - a book of Spatial Translocations

   Spells                             Type                      Level
   a - Apportation                    Translocation                1
   b - Blink                          Translocation                2
   c - Shroud of Golubria             Charms/Translocation         2
   d - Portal Projectile              Translocation                3
   e - Teleport Other                 Translocation                3
   f - Passage of Golubria            Translocation                4
Miscellaneous
 W - a fan of gales
Comestibles
 b - 8 bread rations
 c - 5 fruits
 d - 2 meat rations
 q - 3 beef jerkies
 z - 3 slices of pizza
 I - 3 royal jellies
 U - 3 chunks of flesh


   Skills:
 + Level 6.4 Fighting
 + Level 6.6 Dodging
 - Level 2.7 Stealth
 * Level 11.0 Unarmed Combat


You had 9 spell levels left.
You didn't know any spells.

Dungeon Overview and Level Annotations

Branches:
Dungeon (9/15)             Temple (1/1) D:5
   Lair: D:8-11         Orc: D:9-12

Altars:
Ashenzari
Cheibriados
Dithmenos
Elyvilon
Fedhas
Gozag
Kikubaaqudgha
Makhleb
Nemelex Xobeh
Okawaru
Pakellas
Qazlal
Ru
Sif Muna
Trog
Vehumet
Xom
Yredelemnul
Zin
The Shining One

Shops:
D:7 [

Annotations:
D:7 Menkaure


Innate Abilities, Weirdness & Mutations

You are too large for most types of armour.
You have claws for hands.
Your metabolism is lightning-fast.
You like to eat raw meat.
You heal very quickly.
You are covered in fur (AC +1).
You have very tough skin (AC +2).


Message History

Moving in this stuff is going to be slow.
You see here a sapphire potion.
V - a sapphire potion You see here a fan of gales.
W - a fan of gales The orc warlord hits you with a war axe!
You completely miss the orc warlord.
The orc warlord hits you with a war axe!!
You barely miss the orc warlord. You claw the orc warlord!
The orc warlord is lightly wounded.
The orc warlord hits you with a war axe!!
You scratch the orc warlord but do no damage.
The orc warlord is lightly wounded.
The orc warlord hits you with a war axe!!
* * * LOW HITPOINT WARNING * * *
Some of the chunks of flesh in your inventory have rotted away.
You enter the shallow water.
Moving in this stuff is going to be slow.
The orc warlord hits you with a war axe!!
You die...

........#≈≈≈≈≈#...8..8..##
........#≈≈≈≈≈#..........#
8..8....).....'..........#
......#########..o...8...#
.....##≈≈≈#≈≈≈####......##
...).#≈......≈#≈≈#.....##
#.)..#≈.........≈#....##
#....##8.8...8.8≈##...#
'.....#........o@≈'...#
'.....#....∩....≈≈'...#
'.....#.........≈≈'..)#
#....##8.8...8.8≈##)))#
#....#≈!........≈#)...##
.....#≈).....≈#≈≈#.....##
.....##≈≈≈#≈≈≈####......##
...÷..#########......8...#
8..8....'.....'..........#


You could see an orc warlord.

Vanquished Creatures
  Pikel (D:6)
  Joseph (D:7)
  A gargoyle (D:9)
  The ghost of eeldvark the Sneak, an amateur NaWr of Cheibriados (D:4)
  3 orc warriors (Bailey)
  2 black bears (D:7)
  2 phantoms
  3 ogres
  6 centaurs
  A big kobold (D:9)
  A giant frog (D:7)
  A wyvern zombie (D:8)
  3 scorpions
  6 killer bees (D:7)
  A howler monkey (D:6)
  3 crimson imps
  3 hounds
  2 jellies (D:8)
  A centaur skeleton (D:5)
  3 orc priests
  5 orc wizards
  Terence (D:3)
  2 iguanas
  Natasha (thrice) (D:3)
  8 worker ants
  A hound skeleton (D:8)
  A worker ant zombie (D:5)
  15 adders
  7 gnolls
  2 river rats (Sewer)
  4 shadow imps
  6 oozes
  5 adder skeletons
  An adder zombie (D:5)
  3 worms
  4 dart slugs
  4 giant geckos
  27 orcs
  2 ball pythons
  12 giant cockroaches
  22 goblins
  5 hobgoblins
  11 jackals
  3 quokkas
  4 bats
  A giant cockroach zombie (D:5)
  A giant gecko skeleton (D:8)
  2 giant newts
  27 kobolds
  A quokka zombie (D:5)
  10 rats
245 creatures vanquished.

Vanquished Creatures (others)
  A two-headed ogre (D:6)
  A slave (D:6)
  2 worker ants (D:6)
  A giant gecko (D:5)
  An orc (D:6)
6 creatures vanquished.

Grand Total: 251 creatures vanquished

Notes
Turn   | Place    | Note
--------------------------------------------------------------
     0 | D:1      | deawunn the Troll Monk began the quest for the Orb.
     0 | D:1      | Reached XP level 1. HP: 22/22 MP: 0/0
   532 | D:1      | Reached XP level 2. HP: 29/29 MP: 1/1
  1452 | D:2      | Reached XP level 3. HP: 36/36 MP: 2/2
  2330 | D:3      | Noticed Terence
  2336 | D:3      | Killed Terence
  2336 | D:3      | Reached XP level 4. HP: 41/44 MP: 3/3
  2528 | D:3      | Reached XP level 5. HP: 43/50 MP: 4/4
  2578 | D:3      | Found a shadowy altar of Dithmenos.
  2656 | D:3      | Reached skill level 5 in Unarmed Combat
  2685 | D:3      | Noticed Natasha
  2693 | D:3      | Killed Natasha
  2747 | D:3      | Noticed Natasha
  2753 | D:3      | Killed Natasha
  2785 | D:3      | Noticed Natasha
  2791 | D:3      | Killed Natasha
  2926 | D:4      | Reached XP level 6. HP: 56/61 MP: 5/5
  3095 | D:4      | Found a shimmering altar of Xom.
  3095 | D:4      | Found a shimmering altar of Xom.
  3096 | D:4      | Found a shimmering altar of Xom.
  3097 | D:4      | Found a shimmering altar of Xom.
  3132 | D:4      | Found a shimmering altar of Xom.
  3227 | D:3      | Reached skill level 6 in Unarmed Combat
  3369 | D:3      | Reached XP level 7. HP: 20/67 MP: 6/6
  3834 | D:4      | Noticed eeldvark's ghost (amateur NaWr)
  3849 | D:4      | Killed eeldvark's ghost
  3849 | D:4      | Reached skill level 7 in Unarmed Combat
  3902 | D:4      | Found a blossoming altar of Fedhas.
  4205 | D:5      | Entered Level 5 of the Dungeon
  4418 | D:5      | Reached XP level 8. HP: 77/78 MP: 7/7
  4459 | D:5      | Found a glowing drain.
  4536 | Sewer    | Entered a sewer
  5127 | D:5      | Found a staircase to the Ecumenical Temple.
  5166 | Temple   | Entered the Ecumenical Temple
  5445 | D:6      | Noticed Pikel
  5454 | D:6      | Killed Pikel
  5454 | D:6      | Reached skill level 5 in Fighting
  5454 | D:6      | Reached skill level 5 in Dodging
  5454 | D:6      | Reached skill level 8 in Unarmed Combat
  5670 | D:6      | Killed a two-headed ogre
  6049 | D:7      | Reached skill level 9 in Unarmed Combat
  6049 | D:7      | Reached XP level 9. HP: 81/88 MP: 8/8
  6349 | D:7      | Noticed Joseph
  6363 | D:7      | HP: 4/88 [Joseph/uncursed quarterstaff of protection (14)]
  6364 | D:7      | Killed Joseph
  6524 | D:7      | Found Qutish's Antique Armour Emporium.
  6538 | D:7      | Bought an embroidered cloak for 162 gold pieces
  6591 | D:7      | Noticed Menkaure
  7094 | D:7      | Found a sparkling altar of Nemelex Xobeh.
  7094 | D:7      | Found a deep blue altar of Sif Muna.
  7190 | D:7      | Found a sacrificial altar of Ru.
  7259 | D:7      | Reached skill level 10 in Unarmed Combat
  7770 | D:8      | Found a shattered altar of Ashenzari.
  8237 | D:9      | Noticed a gargoyle
  8247 | D:9      | Killed a gargoyle
  8247 | D:9      | Reached XP level 10. HP: 58/98 MP: 9/9
  8311 | D:9      | Found a stormy altar of Qazlal.
  8480 | D:9      | Found a flagged portal.
  8496 | Bailey   | Entered a bailey
  8516 | Bailey   | Noticed an orc warlord
  8646 | Bailey   | Found a runed gate.
  8648 | Bailey   | Found a runed gate.
  8650 | Bailey   | Found a runed gate.
  8872 | Bailey   | Reached skill level 11 in Unarmed Combat
  9090 | Bailey   | Mangled by an orc warlord

Skill      XL: |  1  2  3  4  5  6  7  8  9 10 |
---------------+-------------------------------+-----
Stealth        | 2 |  2.7
Dodging        | 3 4 5 6 |  6.6
Unarmed Combat | 5 6 7 9 10 11 | 11.0
Fighting       | 3 4 5 6 |  6.4

Action                   |  1- 3 |  4- 6 |  7- 9 | 10-12 || total
-------------------------+-------+-------+-------+-------++-------
Melee: Unarmed           |    93 |   148 |   349 |    96 ||   686
       Punch             |     5 |     3 |    16 |     6 ||    30
 Stab: Sleeping          |     4 |     1 |     8 |     2 ||    15
       Distracted        |       |     1 |       |       ||     1
  Eat: Chunk             |    26 |     8 |    46 |     8 ||    88
Armor: Robe              |    27 |    55 |    93 |    47 ||   222
Dodge: Dodged            |    32 |    96 |   186 |    94 ||   408
